 Dungeon Crawl Stone Soup version 0.32-a0-450-g080537f (webtiles) character file.

Game seed: 11818741411290810184

4254 Nithhogg the Severer (level 10, -5/72 (78) HPs)
             Began as a Mountain Dwarf Fighter on Feb 22, 2024.
             Was an Initiate of Qazlal.
             Slain by a death yak (14 damage)
             ... on level 9 of the Dungeon on Feb 23, 2024.
             The game lasted 00:15:23 (7865 turns).

Nithhogg the Severer (Mountain Dwarf Fighter)       Turns: 7865, Time: 00:15:24

HP:   -5/72 (78)    AC: 17    Str: 28    XL:     10   Next: 10%
MP:   10/10         EV:  9    Int: 10    God:    Qazlal [......]
Gold: 509           SH:  4    Dex:  9    Spells: 9/9 levels left

rFire   + . .        K - +5 morningstar (freeze)
rCold   + . .        c - +0 buckler
rNeg    . . .        e - +1 chain mail
rPois   .            (no helmet)
rElec   .            I - scarf {rC+ rF+}
rCorr   .            (no gloves)
SInv    .            o - +2 pair of boots
Will    +....        m - amulet "Fipud" {+Inv Regen+} Stlth
                     p - +6 ring of strength
HPRegen 1.12/turn    w - +4 ring of protection
MPRegen 0.12/turn

%: no passive effects
@: attractive, studying Axes, drained
A: runic magic, artefact enchanting
a: Renounce Religion, Evoke Invisibility


You were on level 9 of the Dungeon.
You worshipped Qazlal.
Qazlal was noncommittal.
You visited 2 branches of the dungeon, and saw 10 of its levels.

You collected 509 gold pieces.

Inventory:

Hand Weapons
 a - a +1 war axe
 g - a +0 battleaxe
 q - a +2 trident of venom
 F - a +0 broad axe
 K - a +5 morningstar of freezing (weapon)
Missiles
 s - 2 throwing nets
 v - 2 poisoned darts (quivered)
Armour
 b - a +0 scale mail
 c - a +0 buckler (worn)
 e - a +1 chain mail (worn)
 o - a +2 pair of boots (worn)
 x - +0 acid dragon scales
 A - the +0 toga "Victory" {*Victory Clar}
   (You found it on level 6 of the Dungeon)

   *Victory:  When the wearer kills a threatening monster, it has a chance to
   gain +1 AC, +1 Slay, and +1 Int, capping at +7.
   When the wearer uses a scroll or a potion with a hostile monster in sight,
   its bonuses reset to +0.
   Unequipping it also resets its bonuses to +0.
   Clar:      It protects you from confusion, rage, mesmerisation and fear.
 I - a scarf of resistance (worn)
Jewellery
 d - a +6 ring of intelligence
 j - an amulet of the acrobat
 m - the amulet "Fipud" (around neck) {+Inv Regen+}
   (You acquired it on level 6 of the Dungeon)

   [amulet of regeneration]

   +Inv:      It lets you turn invisible.
   Regen+:    It increases your rate of health regeneration.
 n - a +6 ring of intelligence
 p - a +6 ring of strength (left hand)
 w - a +4 ring of protection (right hand)
 y - an amulet of guardian spirit
 H - a ring of ice
 L - a ring of protection from cold
Wands
 i - a wand of iceblast (10)
 J - a wand of paralysis (8)
Scrolls
 f - 2 scrolls of fog
 l - a scroll of teleportation
 r - a scroll of enchant armour
 C - 2 scrolls of enchant weapon
 E - a scroll of acquirement
 G - a scroll of identify
Potions
 h - 3 potions of lignification
 k - a potion of mutation
 u - a potion of cancellation {unknown}
 z - a potion of degeneration {unknown}
 B - a potion of enlightenment {unknown}
 D - 2 potions of curing {unknown}


   Skills:
 + Level 4.0 Fighting
 + Level 17.1 Axes
 + Level 4.1 Armour
 + Level 1.3 Dodging
 - Level 3.2 Shields


You had 9 spell levels left.
You didn't know any spells.
Your spell library contained the following spells:

 Spells                   Type           Power      Damage    Failure   Level
 Foxfire                  Conj/Fire      0%         2x1d4     54%         1
 Cigotuvi's Dreadful Rot  Necr/Alch/Air  0%         N/A       67%         2
 Lesser Beckoning         Tloc           0%         N/A       67%         2
 Sublimation of Blood     Necr           0%         N/A       67%         2
 Dazzling Flash           Conj/Hex       0%         N/A       88%         3
 Gell's Gravitas          Tloc           0%         N/A       88%         3
 Hailstorm                Conj/Ice       0%         3d5       88%         3
 Summon Ice Beast         Ice/Summ       0%         N/A       88%         3
 Teleport Other           Tloc           0%         N/A       88%         3
 Volatile Blastmotes      Fire/Tloc      0%         2d10      88%         3
 Dispel Undead            Necr           0%         3d6       99%         4
 Martyr's Knell           Necr/Summ      0%         N/A       99%         4
 Petrify                  Alch/Erth      0%         N/A       99%         4
 Irradiate                Conj/Alch      0%         3d11      100%        5
 Death Channel            Necr           0%         N/A       100%        6
 Dispersal                Tloc           0%         N/A       100%        6
 Sculpt Simulacrum        Ice/Alch       0%         N/A       100%        6
 Starburst                Conj/Fire      0%         6d3       100%        6
 Maxwell's Capacitive Co  Air            0%         ∞         100%        8
 Fire Storm               Conj/Fire      0%         5d1       100%        9


Dungeon Overview and Level Annotations

Branches:
Dungeon (9/15)             Temple (1/1) D:7            Lair (0/5) D:9
    Orc: D:9-12

Altars:
Ashenzari
Dithmenos
Elyvilon
Fedhas
Gozag
Hepliaklqana
Kikubaaqudgha
Makhleb
Nemelex Xobeh
Okawaru
Qazlal
Ru
Sif Muna
Trog
Uskayaw
Vehumet
Wu Jian
Xom
Yredelemnul
Zin
The Shining One

Annotations:
D:8 Erica


Innate Abilities, Weirdness & Mutations

Your spellcasting is much less encumbered by armour.
You can use scrolls of enchantment on lesser artefacts.


Message History

You start resting.
HP restored.
A death yak comes into view.
Found a staircase to the Lair.
The death yak bellows!
A death yak is nearby!
An elephant and 2 black bears come into view.
The black bear growls angrily.
The elephant trumpets!
The black bear growls angrily.
A bullfrog comes into view.
You impale the death yak!! You freeze the death yak.
The death yak is moderately wounded.
You hit the death yak. You freeze the death yak.
The death yak is heavily wounded.
The death yak gores you!!
You bludgeon the death yak!! You freeze the death yak.
The death yak is severely wounded.
The death yak barely misses you.
An orc comes into view. It is wielding a +0 whip.
The death yak gores you!
The orc moves out of view.
You barely miss the death yak.
The death yak is severely wounded.
The elephant tramples something!
The elephant trunk-slaps something.
You hit the death yak. You freeze the death yak.
The death yak is almost dead.
An orc warrior comes into view. It is wielding a +0 short sword.
The death yak gores you but does no damage.
The death yak gores you!
You are too injured to fight recklessly!
You barely miss the death yak.
The death yak is almost dead.
The orc warrior shouts!
You hear a shout!
The death yak gores you!!
* * * LOW HITPOINT WARNING * * *
Okay, then.
Okay, then.
It was a potion of attraction.
You feel attractive to monsters. The death yak gores you!
You die...

.....P. ##.
......P #..
..>.... #..
...o.P. #.#
h...... #.#
....... #.#
##Y....# #.#
#Y# ##.###@#
##...##.#
##.....#.#
##........#
###.........#
#...........#
#.#.........#
#.##.......##
#.###.....##


You could see a death yak, an elephant, an orc warrior and a black bear.

Vanquished Creatures
  An unseen horror (D:8)
  2 yaks (D:6)
  A wyvern (D:7)
  2 steam dragons
  An acid dragon (D:6)
  2 water moccasins
  A black bear (D:8)
  2 sky beasts (D:7)
  An ogre (D:6)
  3 centaurs
  2 phantoms
  2 kobold brigands
  2 bullfrogs
  2 scorpions
  2 gnoll sergeants
  8 wights
  6 killer bees
  A howler monkey (D:6)
  A gnoll bouda (D:6)
  5 hounds
  An orc priest (D:7)
  4 bombardier beetles
  4 jellies
  A sleepcap (D:6)
  7 iguanas
  9 orc wizards
  8 gnolls
  5 adders
  A shadow imp (D:6)
  5 white imps
  12 dart slugs
  2 ribbon worms (D:2)
  14 orcs
  A ball python (D:2)
  5 endoplasms
  5 giant cockroaches
  3 goblins
  4 hobgoblins
  4 jackals
  4 kobolds
  3 quokkas
  A bat (D:1)
  A frilled lizard (D:3)
  4 rats
155 creatures vanquished.

Vanquished Creatures (others)
  A gnoll (D:8)
1 creature vanquished.

Grand Total: 156 creatures vanquished

Notes
Turn   | Place    | Note
-------+----------+-------------------------------------------
     0 | D:1      | Nithhogg the Mountain Dwarf Fighter began the quest for the
                  | Orb.
     0 | D:1      | Reached XP level 1. HP: 19/19 MP: 1/1
   154 | D:1      | Reached skill level 3 in Axes
   162 | D:1      | Reached XP level 2. HP: 26/26 MP: 2/2
   630 | D:2      | Reached skill level 4 in Axes
   764 | D:2      | Reached XP level 3. HP: 30/31 MP: 3/3
   992 | D:2      | You fall into a shaft and drop 2 floors!
  1282 | D:2      | Reached skill level 5 in Axes
  1544 | D:2      | Reached XP level 4. HP: 33/38 MP: 4/4
  1920 | D:3      | Reached skill level 6 in Axes
  2143 | D:3      | Found a bloodstained altar of Trog.
  2386 | D:4      | Reached XP level 5. HP: 36/45 MP: 5/5
  2499 | D:4      | Reached skill level 7 in Axes
  2631 | D:4      | Reached XP level 6. HP: 6/51 MP: 6/6
  2636 | D:4      | HP: 1/51 [hound (4)]
  2638 | D:4      | Reached skill level 8 in Axes
  3313 | D:4      | Reached skill level 9 in Axes
  3313 | D:4      | Reached XP level 7. HP: 48/57 MP: 7/7
  3409 | D:5      | Entered Level 5 of the Dungeon
  3522 | D:5      | Reached skill level 10 in Axes
  3546 | D:5      | Got the Incunable of Twisted Fire
  4086 | D:6      | Reached skill level 11 in Axes
  4142 | D:6      | Found a radiant altar of Vehumet.
  4320 | D:6      | Reached XP level 8. HP: 21/63 MP: 8/8
  4553 | D:6      | Reached skill level 12 in Axes
  4889 | D:6      | Found the +0 toga "Victory" {*Victory Clar}
  5113 | D:6      | Found a white marble altar of Elyvilon.
  5113 | D:6      | Found a basalt altar of Yredelemnul.
  5120 | D:6      | Reached skill level 13 in Axes
  5277 | D:6      | Reached XP level 9. HP: 56/70 MP: 9/9
  5326 | D:6      | Reached skill level 14 in Axes
  5334 | D:6      | Upgraded the game from 0.32-a0-433-g08bcfe7 to
                  | 0.32-a0-450-g080537f
  5687 | D:7      | Reached skill level 15 in Axes
  6165 | D:7      | Reached skill level 16 in Axes
  6346 | D:6      | Identified 3 scrolls of acquirement
  6346 | D:6      | Acquired a manual of Axes
  6351 | D:6      | Acquired the amulet "Fipud" {+Inv Regen+}
  6940 | D:7      | Found a staircase to the Ecumenical Temple.
  6946 | Temple   | Entered the Ecumenical Temple
  6955 | Temple   | Became a worshipper of Qazlal Stormbringer
  7222 | D:8      | Killed an unseen horror
  7224 | D:8      | Reached skill level 1 in Dodging
  7224 | D:8      | Reached XP level 10. HP: 38/78 MP: 10/10
  7313 | D:8      | Reached skill level 17 in Axes
  7689 | D:8      | Noticed Erica
  7854 | D:9      | Found a staircase to the Lair.
  7854 | D:9      | Noticed a death yak
  7855 | D:9      | Noticed an elephant
  7865 | D:9      | Slain by a death yak

Illustrated notes

Levels and vault maps discovered:
D:1:      psy_arrival_terrarium, layout_basic
D:2:      layout_rooms, nrook_uturn, nicolae_elevator_lobby_plus
D:3:      kennysheep_slugbush, layout_loops_corners, trog_three_pillars_becter
D:4:      layout_loops_cross
D:5:      layout_rooms
D:6:      layout_cave_pods, gammafunk_temple_overflow_forgotten, hex_medium
D:7:      cheibrodos_fzero, layout_basic, minmay_temple_entry_enclosed_plants,
          minmay_a_box_with_orc_wizards_in_it
D:8:      layout_cave_pools, uniq_erica
D:9:      layout_loops_ring, david_lair_generic, uniq_prince_ribbit1
Temple:   nicolae_temple_bog_church

Skill      XL: |  1  2  3  4  5  6  7  8  9 10 |
---------------+-------------------------------+-----
Axes           | 3 4 5 6 7 9 11 13 16 17 | 17.1
Dodging        | 1 |  1.3
Armour         | 4 |  4.1
Fighting       | 4 |  4.0
Shields        | |  3.2

Action                     |  1- 3 |  4- 6 |  7- 9 | 10-12 || total
---------------------------+-------+-------+-------+-------++-------
  Melee: War axe           |   102 |    94 |   346 |    40 ||   582
         Morningstar       |       |       |       |    10 ||    10
  Throw: Dart              |       |       |     7 |       ||     7
  Evoke: Wand              |       |       |       |     3 ||     3
    Use: Potion            |       |     1 |     7 |     1 ||     9
         Scroll            |       |       |    15 |     2 ||    17
   Stab: Invisible         |       |       |     2 |       ||     2
 Armour: Scale mail        |    14 |       |       |       ||    14
         Chain mail        |    85 |   104 |   376 |    35 ||   600
  Dodge: Dodged            |    42 |    41 |   163 |    24 ||   270
  Block: Buckler           |    24 |    17 |    69 |    10 ||   120

Table legend: (Time is in decaauts)
 A = Elapsed time spent in this place.
 B = Non-inter-level travel time spent in this place.
 C = Inter-level travel time spent in this place.
 D = Time resting spent in this place.
 E = Time spent auto-exploring this place.
 F = Levels seen in this place.
 G = Mean time per level.
                   A        B        C        D        E       F      G
               +--------+--------+--------+--------+--------+-----+--------+
         Total |   7903 |   7709 |    194 |   1242 |   4942 |  10 |  790.3 |
       Dungeon |   7883 |   7689 |    194 |   1242 |   4942 |   9 |  875.9 |
        Temple |     19 |     19 |      0 |      0 |      0 |   1 |   19.0 |
               +--------+--------+--------+--------+--------+-----+--------+

Top non-repeatable levels by time:
     D:6: 1990 daAuts
     D:7: 1181 daAuts
     D:4: 1130 daAuts
     D:3: 1031 daAuts
     D:2: 716 daAuts
     D:5: 650 daAuts
     D:1: 633 daAuts
     D:8: 522 daAuts
     D:9: 28 daAuts
  Temple: 19 daAuts
